 Dungeon Crawl Stone Soup version 0.27.1-4-g1640c2035a (webtiles) character file.

Game seed: 548570447595448432

1684 Crownlay the Basher (level 8, -3/69 HPs)
             Began as a Palentonga Berserker on Oct 31, 2021.
             Was a Believer of Trog.
             Slain by a killer bee (8 damage)
             ... on level 7 of the Dungeon.
             The game lasted 00:09:30 (6102 turns).

Crownlay the Basher (Palentonga Berserker)          Turns: 6102, Time: 00:09:31

Health: -3/69      AC: 18    Str: 23    XL:     8   Next: 71%
Magic:  8/8        EV:  6    Int:  7    God:    Trog [**....]
Gold:   191        SH:  4    Dex: 10    Spells: 7/7 levels left

rFire    . . .     SeeInvis +   y - +3 flail
rCold    + + .     Faith    .   q - +0 buckler
rNeg     . . .     Spirit   .   m - +4 chain mail {rC+}
rPois    .         Reflect  .   (no helmet)
rElec    .         Harm     .   (no cloak)
rCorr    .         Rampage  .   (no gloves)
Will     ++...                  (no barding)
Stlth    ..........             (no amulet)
HPRegen  1.21/turn              t - ring of protection from cold
MPRegen  0.11/turn              (no ring)

@: strong-willed, on berserk cooldown, regenerating, slowed, curled up, very
slow
A: large, rugged brown scales 3, see invisible, deformed body, roll 1, armoured
tail, reflexive curl
a: Rolling Charge, Renounce Religion, Berserk, Trog's Hand


You were on level 7 of the Dungeon.
You worshipped Trog.
Trog was pleased with you.
You visited 1 branch of the dungeon, and saw 7 of its levels.

You collected 241 gold pieces.
You spent 50 gold pieces at shops.

Inventory:

Hand Weapons
 y - a +3 flail (weapon)
Missiles
 s - a throwing net
Armour
 m - a +4 chain mail of cold resistance (worn)
 q - a +0 buckler (worn)
Jewellery
 t - a ring of protection from cold (left hand)
Wands
 l - a wand of polymorph (6)
Scrolls
 a - a scroll of fog
 d - a scroll of identify
 e - a scroll of amnesia
 g - a scroll of immolation {unknown}
 n - a scroll of magic mapping
 r - a scroll of blinking {unknown}
 v - a scroll of enchant weapon {unknown}
 w - a scroll of torment {unknown}
Potions
 b - a potion of attraction {unknown}
 c - a potion of degeneration {unknown}
 f - 2 potions of curing
 h - 2 potions of flight {unknown}
 j - 3 potions of ambrosia {unknown}
 k - a potion of brilliance {unknown}
 o - a potion of invisibility {unknown}
 p - a potion of heal wounds {unknown}
 z - a potion of lignification {unknown}


   Skills:
 + Level 6.4 Fighting
 * Level 8.7 Maces & Flails
 - Level 1.5 Armour
 - Level 1.5 Dodging
 - Level 4.0 Shields


You had 7 spell levels left.
You didn't know any spells.
Your spell library was empty.

Dungeon Overview and Level Annotations

Branches:
Dungeon (7/15)             Temple (0/1) D:7

Altars:
Ashenzari
Nemelex Xobeh
Yredelemnul
Zin

Shops:
D:2 *   D:6 *

Annotations:
D:5 2 transporters, YannSP's ghost, novice OpTm


Innate Abilities, Weirdness & Mutations

You are completely covered in rugged brown scales. (AC +3, +7% HP)
You have supernaturally acute eyesight. (SInv)
Armour fits poorly on your strangely shaped body.
You can roll at nearby foes to attack.
You have a long armoured tail.
You curl defensively after being hit.


Message History

The killer bee closely misses you.
Okay, then.
As you read the scroll labelled WUH BOSHIEHYS, it crumbles to dust.
The scroll dissolves into smoke.
It was a scroll of fog.
You feel sick. You block the killer bee's attack.
The wyvern bites you but does no damage.
The killer bee stings you.
You are more poisoned.
The killer bee poisons you! The killer bee stings you. The wyvern bites you.
The killer bee barely misses you. The killer bee stings you.
You are more poisoned.
The killer bee poisons you!
The wyvern hisses menacingly.
The wyvern bites you but does no damage.
The killer bee stings you but does no damage.
Okay, then.
You feel better.
Your skin stops crawling.
You feel less strong-willed.
The killer bee stings you but does no damage.
You block the killer bee's attack. The wyvern barely misses you.
You block the killer bee's attack. The kobold completely misses you.
The killer bee stings you. You block the wyvern's attack.
The killer bee stings you but does no damage. x2
Your skin crawls.
You feel strong-willed.
The killer bee stings you but does no damage. x2
The wyvern bites you!
* * * LOW HITPOINT WARNING * * *
The killer bee stings you!
* * * LOW HITPOINT WARNING * * *
The killer bee stings you but does no damage.
The wyvern bites you!
* * * LOW HITPOINT WARNING * * *
The killer bee stings you but does no damage. x2
As you read the scroll labelled OKLOT GANEL, it crumbles to dust.
You hear a loud clanging noise!
It was a scroll of noise.
You hear a shout! x7
The killer bee stings you!
You die...

** *,,,,,,...$.........#
,***,,,,,,.............#
,,,,,**................#
*,,,***................#
*,,,,,,................#
,,,,,,,......).$.......#
,,***,,........§§§§...#*
,,* *,*.......##y§§).#*
,,***,,.......Ky@K§.##
*,,,,,,y.....KKl§§§.#
,,,,,,,.....K.KKK§§.#
*,,,,,,...........$.#
*,,,,,,...(.........#
****,**###..........# *
*,* #.......[..#
****,****#.........$#
,,,,,,,,,...........#


You could see a wyvern, a kobold brigand, 2 killer bees and 5 kobolds.

Vanquished Creatures
  A sky beast (D:6)
  2 ogres (D:5)
  A phantom (D:5)
  A kobold brigand (D:4)
  3 scorpions
  A water moccasin skeleton (D:4)
  5 killer bees
  4 wights (D:6)
  A bullfrog zombie (D:6)
  A jelly (D:6)
  3 hounds (D:6)
  3 orc priests
  A gnoll shaman (D:5)
  A bullfrog skeleton (D:5)
  A centaur skeleton (D:6)
  3 iguanas
  Natasha (D:2)
  Terence (D:3)
  An orc wizard (D:3)
  3 gnolls (D:5)
  A howler monkey skeleton (D:6)
  4 adders
  3 white imps
  An ufetubus (D:5)
  3 adder skeletons (D:4)
  2 dart slugs
  8 orcs
  10 endoplasms
  A giant cockroach (D:2)
  7 goblins
  5 hobgoblins
  14 jackals
  3 quokkas
  6 ball pythons
  9 bats
  4 frilled lizards
  7 kobolds
  6 rats
132 creatures vanquished.

Notes
Turn   | Place    | Note
-------+----------+-------------------------------------------
     0 | D:1      | Crownlay the Palentonga Berserker began the quest for the
                  | Orb.
     0 | D:1      | Reached XP level 1. HP: 19/19 MP: 1/1
   277 | D:1      | Reached XP level 2. HP: 24/25 MP: 2/2
   528 | D:1      | Found a faded altar of an unknown god.
   663 | D:1      | Reached XP level 3. HP: 28/31 MP: 3/3
   676 | D:1      | Reached ** piety under Trog
   677 | D:1      | Reached skill level 4 in Maces & Flails
  1184 | D:2      | Found a basalt altar of Yredelemnul.
  1262 | D:2      | Found Irenu's Assorted Antiques.
  1270 | D:2      | Bought a scroll labelled GIRYWES SEMA for 25 gold pieces
  1270 | D:2      | Bought a scroll labelled AMEDEA UGAICES for 25 gold pieces
  1339 | D:2      | Noticed Natasha
  1348 | D:2      | Killed Natasha
  1349 | D:2      | Reached XP level 4. HP: 28/39 MP: 4/4
  2084 | D:3      | Reached skill level 5 in Maces & Flails
  2276 | D:3      | Reached XP level 5. HP: 25/44 MP: 5/5
  2465 | D:3      | Noticed Terence
  2485 | D:3      | Killed Terence
  2732 | D:4      | Reached XP level 6. HP: 34/52 MP: 6/6
  2781 | D:4      | Reached skill level 6 in Maces & Flails
  3687 | D:5      | Entered Level 5 of the Dungeon
  3742 | D:5      | Reached skill level 1 in Shields
  3749 | D:5      | Reached skill level 5 in Fighting
  3749 | D:5      | Gained mutation: You curl defensively after being hit.
                  | [Palentonga growth]
  3749 | D:5      | Reached XP level 7. HP: 57/59 MP: 7/7
  4150 | D:5      | Reached skill level 7 in Maces & Flails
  4733 | D:5      | Noticed YannSP's ghost (novice OpTm)
  4734 | D:5      | Found a transporter.
  4734 | D:5      | Found a transporter.
  4735 | D:5      | Identified the +5 dire flail "Teud" {elec, rC+ Will- Str+8
                  | Stlth+}
  4809 | D:5      | Found a sparkling altar of Nemelex Xobeh.
  4814 | D:5      | Reached XP level 8. HP: 68/68 MP: 8/8
  5153 | D:6      | Found Gaodgheis's Assorted Antiques.
  5221 | D:6      | Found a glowing silver altar of Zin.
  5329 | D:6      | Found a broken altar of Ashenzari.
  5401 | D:6      | Reached skill level 8 in Maces & Flails
  6101 | D:7      | HP: 3/69 [wyvern (10)]
  6102 | D:7      | Slain by a killer bee

Illustrated notes

Levels and vault maps discovered:
D:1:      eino_arrival_cavern_b, layout_basic, basic_ecumenical_altar
D:2:      minmay_door_path, layout_loops_ring, basic_altar, serial_shops, shop,
          uniq_natasha
D:3:      layout_rooms, amcnicky_mini_corridor_feature, uniq_terence
D:4:      layout_basic
D:5:      cheibrodos_iron_armory, layout_loops_ring, nemelex_dance_club_becter,
          gammafunk_ghost_smash
D:6:      layout_basic, cheibrodos_ashenzari_chains,
          mainiacjoe_overflow_chevrons, serial_shops, shop, serial_rivers,
          chequers_serial_rivers_micro_a, chequers_serial_rivers_large_a,
          chequers_serial_rivers_micro_d, chequers_serial_rivers_small_b,
          chequers_serial_rivers_small_b, chequers_serial_rivers_micro_e
D:7:      layout_rooms, temple_hall, gammafunk_ghost_berserking_beasts,
          uniq_duvessa

Skill      XL: |  1  2  3  4  5  6  7  8 |
---------------+-------------------------+-----
Maces & Flails | 4 5 6 7 8 |  8.7
Fighting       | 4 5 6 |  6.4
Shields        | 1 3 4 |  4.0
Armour         | |  1.5
Dodging        | |  1.5

Action                   |  1- 3 |  4- 6 |  7- 9 || total
-------------------------+-------+-------+-------++-------
Melee: Mace              |    79 |   132 |    61 ||   272
       Tailslap          |     8 |    18 |    21 ||    47
       Flail             |       |       |   101 ||   101
Invok: Berserk           |     1 |     5 |     4 ||    10
       Trog's Hand       |     1 |     5 |     7 ||    13
 Abil: Rolling Charge    |     2 |    32 |    22 ||    56
  Use: Scroll            |     1 |     2 |     5 ||     8
       Potion            |       |       |     1 ||     1
Armor: Animal skin       |    53 |    10 |       ||    63
       Chain mail        |       |    31 |    83 ||   114
Dodge: Dodged            |    50 |    45 |    54 ||   149
Block: Buckler           |       |       |    25 ||    25
